 Dungeon Crawl Stone Soup version 0.23.1 (webtiles) character file.

Game seed: 0

571 night the Gusty (level 7, -1/46 HPs)
             Began as a Demonspawn Air Elementalist on Mar 15, 2019.
             Slain by a sky beast (6 damage)
             ... on level 5 of the Dungeon.
             The game lasted 00:16:24 (5825 turns).

night the Gusty (Demonspawn Air Elementalist)       Turns: 5825, Time: 00:16:28

Health: -1/46      AC:  6    Str:  9    XL:     7   Next: 12%
Magic:  10/12      EV: 12    Int: 18    God:
Gold:   283        SH:  0    Dex: 15    Spells: 5/13 levels left

rFire    + . .     SeeInvis .   y - +2 trident (venom)
rCold    . . .     Gourm    .   (no shield)
rNeg     . . .     Faith    .   a - +0 robe
rPois    .         Spirit   .   z - +0 helmet
rElec    .         Reflect  .   i - +0 cloak
rCorr    .         Harm     .   p - +0 pair of gloves
MR       .....                  u - +0 pair of boots
Stlth    ++........             o - amulet of rage
HPRegen  0.15/turn              x - ring of wizardry
MPRegen  0.13/turn              F - ring of protection from fire

@: no status effects
A: talons 2, thin skeletal structure 1
a: Evoke Berserk Rage


You were on level 5 of the Dungeon.
You were hungry.

You visited 1 branch of the dungeon, and saw 5 of its levels.

You collected 283 gold pieces.

Inventory:

Hand Weapons
 e - a +0 short sword
 m - a +0 long sword
 q - a +0 morningstar
 r - a +0 rapier
 s - a +0 hunting sling
 y - a +2 trident of venom (weapon)
 D - a +1 dagger of speed
 E - a +0 quarterstaff
Missiles
 j - 115 stones (quivered)
 A - 15 sling bullets
 C - 13 bolts
 G - 20 arrows
Armour
 a - a +0 robe (worn)
 i - a +0 cloak (worn)
 p - a +0 pair of gloves (worn)
 u - a +0 pair of boots (worn)
 z - a +0 helmet (worn)
Jewellery
 o - an amulet of rage (around neck)
 x - a ring of wizardry (left hand)
 F - a ring of protection from fire (right hand)
Wands
 d - a wand of random effects (15)
 w - a wand of disintegration (8)
Scrolls
 b - 7 scrolls of identify {unknown}
 h - 5 scrolls of remove curse
 k - 2 scrolls of random uselessness {unknown}
 l - 3 scrolls of teleportation {unknown}
 n - a scroll of amnesia {unknown}
Potions
 f - a potion of ambrosia {unknown}
 g - 3 potions of curing {unknown}
 t - a potion of heal wounds
 v - a potion of berserk rage
 B - a potion of agility {unknown}
Comestibles
 c - 6 rations


   Skills:
 - Level 1.7 Dodging
 - Level 1.7 Stealth
 + Level 3.9 Spellcasting
 + Level 3.8 Conjurations
 * Level 5.6 Air Magic


You had 5 spell levels left.
You knew the following spells:

 Your Spells              Type           Power        Failure   Level  Hunger
a - Shock                 Conj/Air       ###.         1%          1    None
b - Static Discharge      Conj/Air       ###.....     2%          3    ###....
c - Airstrike             Air            ###.......   6%          4    ####...

Your spell library contained the following spells:

 Spells                   Type           Power        Failure   Level  Hunger
 Swiftness                Chrm/Air       ##......     2%          2    ##.....
 Lightning Bolt           Conj/Air       ###.......   24%         5    ######.


Dungeon Overview and Level Annotations

Branches:
Dungeon (5/15)
 Temple: D:4-7

Altars:
Cheibriados
Nemelex Xobeh
Okawaru
Ru
Trog
Yredelemnul


Innate Abilities, Weirdness & Mutations

You have razor-sharp toenails.
You have a somewhat thin skeletal structure. (Dex +2, Stealth)


Message History

Reactivating autopickup.
The sky beast hits you but does no damage.
The orc wizard casts a spell.
The orc wizard seems to speed up.
The orc priest calls down the wrath of Beogh upon you.
Beogh smites you!
* * * LOW HITPOINT WARNING * * *
Saving game... please wait.
Welcome back, night the Demonspawn Air Elementalist.
Press ? for a list of commands and other information.
The orc wizard gestures wildly while chanting.
The orc wizard blinks!
As you read the scroll labeled BOZXUM SAERGHO, it crumbles to dust.
You feel as if something is helping you.
It was a scroll of remove curse.
The sky beast flickers out of sight!
Deactivating autopickup; reactivate with Ctrl-A.
Something hits you.
* * * LOW HITPOINT WARNING * * *
Something shocks you.
You die...

#.........# #.#...
#....§....# #.#...
#.......o.## #.#...
#...........####.#...
#..oo............#...
#o# ............. #o#
##...†....... #{#
#.........## #@#
#.........# #.###
#.........##
#####...############..
#######...........#
####..
#.....'...........#
#.<'..
#.#####.....[.....#
###.##.. #.#
############# #..<##..
#.#
################.####..
#.# #................#
#..


You could see an orc priest, an orc wizard and 2 orcs.

Vanquished Creatures
  A crimson imp (D:5)
  3 hounds
  A jelly (D:4)
  2 orc priests (D:4)
  A bullfrog skeleton (D:4)
  5 orc wizards
  7 adders
  An ooze (D:1)
  2 adder skeletons (D:4)
  An adder zombie (D:5)
  2 worms
  3 dart slugs
  3 leopard geckos (D:1)
  12 orcs
  A ball python (D:2)
  4 giant cockroaches
  12 goblins
  7 hobgoblins
  6 jackals
  7 kobolds
  3 quokkas
  10 bats
  6 frilled lizards
  6 rats
106 creatures vanquished.

Notes
Turn   | Place    | Note
-------+----------+-------------------------------------------
     0 | D:1      | night the Demonspawn Air Elementalist began the quest for
                  | the Orb.
     0 | D:1      | Reached XP level 1. HP: 13/13 MP: 3/3
   332 | D:1      | Reached skill level 3 in Air Magic
   341 | D:1      | Gained mutation: You have a somewhat thin skeletal
                  | structure. (Dex +2, Stealth) [demonic ancestry]
   341 | D:1      | Reached XP level 2. HP: 19/19 MP: 1/5
   904 | D:1      | Gained mutation: You have sharp toenails. [demonic
                  | ancestry]
   904 | D:1      | Reached XP level 3. HP: 24/24 MP: 4/6
  1335 | D:2      | Reached XP level 4. HP: 20/30 MP: 1/7
  1525 | D:2      | Found a basalt altar of Yredelemnul.
  1759 | D:2      | Found a faded altar of an unknown god.
  2294 | D:3      | Reached skill level 4 in Air Magic
  2309 | D:3      | Reached XP level 5. HP: 12/35 MP: 2/9
  2519 | D:3      | Learned a level 3 spell: Static Discharge
  2524 | D:3      | Learned a level 4 spell: Airstrike
  3159 | D:3      | Found a bloodstained altar of Trog.
  3159 | D:3      | Found an iron altar of Okawaru.
  3803 | D:3      | Found a sparkling altar of Nemelex Xobeh.
  4115 | D:4      | Found a sacrificial altar of Ru.
  4170 | D:4      | Gained mutation: You have razor-sharp toenails. [demonic
                  | ancestry]
  4170 | D:4      | Reached XP level 6. HP: 40/41 MP: 10/10
  4222 | D:4      | Found a snail-covered altar of Cheibriados.
  4523 | D:4      | Reached skill level 5 in Air Magic
  5243 | D:5      | Entered Level 5 of the Dungeon
  5366 | D:5      | Reached XP level 7. HP: 30/46 MP: 9/12
  5825 | D:5      | Slain by a sky beast

Skill      XL: |  1  2  3  4  5  6 |
---------------+-------------------+-----
Air Magic      | 3 4 5 |  5.6
Conjurations   | 2 3 |  3.8
Spellcasting   | 3 |  3.9
Dodging        | |  1.7
Stealth        | |  1.7

Action                   |  1- 3 |  4- 6 |  7- 9 || total
-------------------------+-------+-------+-------++-------
Melee: Unarmed           |     5 |       |       ||     5
       Short sword       |    42 |     2 |       ||    44
       Kick              |     1 |    14 |       ||    15
       Long sword        |       |    19 |       ||    19
       Morningstar       |       |    36 |       ||    36
       Rapier            |       |    17 |       ||    17
       Trident           |       |    18 |    32 ||    50
       Quarterstaff      |       |       |     7 ||     7
 Cast: Shock             |    61 |   120 |     7 ||   188
       Static Discharge  |       |     2 |     1 ||     3
Evoke: Wand              |       |     2 |       ||     2
  Use: Potion            |       |     1 |       ||     1
       Scroll            |       |       |     1 ||     1
 Stab: Sleeping          |     1 |     3 |       ||     4
  Eat: Chunk             |     1 |    12 |     3 ||    16
Armor: Robe              |    15 |    36 |    24 ||    75
Dodge: Dodged            |    42 |   100 |    33 ||   175
       Rpst.: Long sword |       |     7 |       ||     7
